 Dungeon Crawl Stone Soup version 0.23-a0-629-gae4348f (webtiles) character file.

117 MalarOregon the Poker (level 5, -2/42 HPs)
             Began as a Merfolk Berserker on Dec 26, 2018.
             Was a Follower of Trog.
             Hit by a stone thrown by a wight (8 damage)
             ... on level 3 of the Dungeon.
             The game lasted 00:02:57 (2032 turns).

MalarOregon the Poker (Merfolk Berserker)           Turns: 2032, Time: 00:02:58

Health: -2/42      AC:  3    Str: 18    XL:     5   Next: 1%
Magic:  5/5        EV:  8    Int:  7    God:    Trog [*.....]
Gold:   90         SH: 12    Dex: 13    Spells: 4/4 levels left

rFire    . . .     SeeInvis .   a - +0 spear
rCold    . . .     Gourm    .   k - +0 large shield
rNeg     . . .     Faith    .   b - +0 animal skin
rPois    .         Spirit   .   (no helmet)
rElec    .         Reflect  .   p - +0 cloak
rCorr    .         Harm     .   (no gloves)
MR       .....                  (no boots)
Stlth    +.........             (no amulet)
HPRegen  0.14/turn              (no ring)
MPRegen  0.09/turn              (no ring)

@: berserk cooldown, slowed, drained, very slow
A: change form in water, swift swim, stealthy swim
a: Berserk, Renounce Religion


You were on level 3 of the Dungeon.
You worshipped Trog.
Trog was aware of your devotion.
You were very hungry.

You visited 1 branch of the dungeon, and saw 3 of its levels.

You collected 90 gold pieces.

Inventory:

Hand Weapons
 a - a +0 spear (weapon)
Armour
 b - a +0 animal skin (worn)
 k - a +0 large shield (worn)
   (You found it on level 1 of the Dungeon)
 p - a +0 cloak (worn)
   (You found it on level 2 of the Dungeon)
Scrolls
 d - 3 scrolls of remove curse {unknown}
 f - 3 scrolls of identify {unknown}
 h - a scroll of magic mapping {unknown}
 i - a scroll of amnesia {unknown}
 m - a scroll of enchant armour {unknown}
 q - a scroll of immolation {unknown}
 r - a scroll of teleportation {unknown}
Potions
 c - 2 potions of curing {unknown}
 g - a potion of ambrosia {unknown}
 j - 2 potions of haste {unknown}
 l - a potion of brilliance {unknown}
 n - a potion of mutation {unknown}
 o - a potion of lignification {unknown}
Comestibles
 e - 3 rations {!d}


   Skills:
 + Level 3.8(3.2) Fighting
 * Level 5.7(5.0) Polearms
 + Level 1.9(1.4) Armour
 + Level 3.5(2.9) Dodging
 * Level 1.9(1.3) Shields


You had 4 spell levels left.
You didn't know any spells.
Your spell library was empty.

Dungeon Overview and Level Annotations

Branches:
Dungeon (3/15)

Altars:
Ashenzari
Cheibriados
Ru


Message History

You miss the kobold. You block the kobold's attack.
Your shield prevents you from hitting the kobold.
You block the kobold's attack.
You hit the kobold.
You kill the kobold!
Trog accepts your kill.
No target in view!
The wight is too close now for your liking.
A wight is nearby!
A wight is nearby!
A red film seems to cover your vision as you go berserk!
You feel yourself moving faster!
You feel mighty!
You are feeling very hungry.
The wight throws a stone.
The stone barely misses you.
You feel a strong urge to attack something.
The wight throws a stone.
You block the stone.
You see here a stone.
Found a stone staircase leading down.
You feel your anger nearly subside.
You are no longer berserk.
You are exhausted.
You feel yourself slow down.
You hit the wight but do no damage. The wight barely misses you.
The wight hits you with a cursed +2 flail!
You hit the wight but do no damage. You block the wight's attack.
You hit the wight. You block the wight's attack.
You barely miss the wight.
The wight hits you with a cursed +2 flail!
You hit the wight but do no damage. You block the wight's attack.
The wight hits you with a cursed +2 flail!
* * * LOW HITPOINT WARNING * * *
You feel drained.
* * * LOW HITPOINT WARNING * * *
The wight throws a stone.
The stone hits you but does no damage.
The wight throws a stone.
The stone hits you.
* * * LOW HITPOINT WARNING * * *
You see here 2 stones.
The wight throws a stone.
You block the stone.
You see here 2 stones.
You see here a +0 short sword.
The wight throws a stone.
The stone completely misses you.
The wight throws a stone.
The stone hits you!
* * * LOW HITPOINT WARNING * * *
You see here a stone.
The wight throws a stone.
The stone misses you.
You see here a stone.
The wight throws a stone.
You block the stone.
You see here a stone.
The wight throws a stone.
You block the stone.
The wight throws a stone.
The stone hits you!
You die...

#......#.# #.....
#......#.# #...zz
#......#.# #....z
#......#.# ###...
#......#.### #.....
#..........# #>#..#
#......#.#.######
......#
#..................#..##
#...>..#@#..... .####
########(#..#.#
#......### ####(.#.....#
###
##..(((###.#.####....
.........z.#...#.....#
.........#.z#(...#
.........##.((..##
.........#####.....#


You could see a wight.

Vanquished Creatures
  A wight (D:3)
  Jessica (D:2)
  2 adders (D:2)
  An ooze (D:3)
  A worm (D:2)
  A dart slug (D:1)
  A leopard gecko (D:1)
  2 giant cockroaches
  2 hobgoblins (D:2)
  3 jackals (D:1)
  4 bats
  2 frilled lizards (D:1)
  2 goblins
  A kobold (D:3)
  2 rats (D:2)
26 creatures vanquished.

Notes
Turn   | Place    | Note
-------+----------+-------------------------------------------
     0 | D:1      | MalarOregon the Merfolk Berserker began the quest for the
                  | Orb.
     0 | D:1      | Reached XP level 1. HP: 18/18 MP: 1/1
   189 | D:1      | Reached XP level 2. HP: 18/24 MP: 2/2
   816 | D:2      | Noticed Jessica
   834 | D:2      | Killed Jessica
   834 | D:2      | Reached skill level 5 in Polearms
   834 | D:2      | Reached skill level 1 in Shields
   834 | D:2      | Reached XP level 3. HP: 19/29 MP: 3/3
  1160 | D:2      | Reached XP level 4. HP: 20/37 MP: 4/4
  1529 | D:2      | Found a shattered altar of Ashenzari.
  1530 | D:2      | Found a sacrificial altar of Ru.
  1531 | D:2      | Found a snail-covered altar of Cheibriados.
  2002 | D:3      | Reached XP level 5. HP: 42/42 MP: 5/5
  2032 | D:3      | Hit by a stone thrown by a wight

Vault maps used:
D:1:      nicolae_arrival_washed_ashore
D:2:      gammafunk_temple_overflow_forgotten, uniq_jessica
D:3:      evilmike_ruin_ashenzari

Skill      XL: |  1  2 |
---------------+-------+-----
Dodging        | 3 |  3.5
Polearms       | 5 |  5.7
Shields        | 1 |  1.9
Fighting       | |  3.8
Armour         | |  1.9

Action                   |  1- 3 |  4- 6 || total
-------------------------+-------+-------++-------
Melee: Spear             |    72 |    41 ||   113
Invok: Berserk           |     1 |     2 ||     3
 Stab: Sleeping          |     1 |       ||     1
  Eat: Chunk             |     1 |     4 ||     5
Armor: Animal skin       |     7 |     1 ||     8
Dodge: Dodged            |    22 |     8 ||    30
Block: Large shield      |    23 |    25 ||    48

Table legend:
 A = Non-vault XP
 B = Vault XP
 C = Vault XP percentage of total XP
 D = Non-vault monster count
 E = Vault monster count
 F = Vault count percentage of total count
                 A         B        C        D         E       F
            +---------+---------+-------+---------+---------+-------
      Total |     131 |      37 |  22.0 |      25 |       1 |   3.8
            +---------+---------+-------+---------+---------+-------
        D:1 |      22 |       0 |   0.0 |      12 |       0 |   0.0
        D:2 |      42 |      37 |  46.8 |      10 |       1 |   9.1
        D:3 |      67 |       0 |   0.0 |       3 |       0 |   0.0
            +---------+---------+-------+---------+---------+-------
